 Dungeon Crawl Stone Soup version 0.22.1-6-g1668fe2 (console) character file.

5079 potiron the Cleaver (level 10, 0/86 HPs)
             Began as a Minotaur Fighter on Jan 16, 2019.
             Was a Priest of Okawaru.
             Killed from afar by a steam dragon (14 damage)
             ... with a ball of steam
             ... in a bailey.
             The game lasted 00:22:11 (8024 turns).

potiron the Cleaver (Minotaur Fighter)              Turns: 8024, Time: 00:22:11

Health: 0/86       AC: 13    Str: 23    XL:     10   Next: 31%
Magic:  12/12      EV: 10    Int:  5    God:    Okawaru [***...]
Gold:   525        SH: 12    Dex: 11    Spells: 9/9 levels left

rFire    . . .     SeeInvis .   a - +0 war axe
rCold    + + +     Gourm    .   c - +0 shield
rNeg     + . .     Faith    +   z - +0 ice dragon scales
rPois    +         Spirit   .   (helmet restricted)
rElec    .         Reflect  .   l - scarf {rC+ rF+}
rCorr    .         Harm     .   J - +0 pair of gloves
MR       .....                  (no boots)
Stlth    ..........             e - amulet of faith
HPRegen  0.24/turn              k - ring of poison resistance
MPRegen  0.13/turn              r - ring of positive energy

@: no status effects
A: retaliatory headbutt, horns 2
a: Heroism, Renounce Religion


You were in a bailey.
You worshipped Okawaru.
Okawaru was most pleased with you.
You were not hungry.

You visited 2 branches of the dungeon, and saw 11 of its levels.
You also visited: Bailey.

You collected 525 gold pieces.

Inventory:

Hand Weapons
 a - a +0 war axe (weapon)
 u - a +0 blowgun
 x - a +1 hand axe of venom
 P - a +0 rapier of venom
Missiles
 p - 53 poisoned needles
 s - 52 bolts
 y - 8 needles of sleeping
 Q - 28 tomahawks of returning (quivered)
Armour
 c - a +0 shield (worn)
 l - a scarf of resistance (worn)
 z - +0 ice dragon scales (worn)
 J - a +0 pair of gloves (worn)
Jewellery
 e - an amulet of faith (around neck)
 h - an uncursed amulet of harm
 k - a ring of poison resistance (left hand)
 r - a ring of positive energy (right hand)
 t - an uncursed amulet of magic regeneration
Wands
 g - a wand of digging (15)
 A - a wand of disintegration (5)
 C - a wand of paralysis (19)
 F - a wand of polymorph (12)
 L - a wand of flame (19)
Scrolls
 i - 4 scrolls of fear {unknown}
 m - 14 scrolls of identify {unknown}
 n - 9 scrolls of teleportation {unknown}
 q - a scroll of magic mapping
 D - 2 scrolls of remove curse
 H - 2 scrolls of noise {unknown}
 I - a scroll of fog {unknown}
 M - a scroll of blinking {unknown}
Potions
 b - 2 potions of curing
 d - a potion of might
 j - 2 potions of heal wounds {unknown}
 o - 6 potions of magic {unknown}
 v - 2 potions of mutation {unknown}
 w - 3 potions of flight {unknown}
 B - 3 potions of lignification {unknown}
 E - a potion of resistance {unknown}
 G - a potion of haste {unknown}
 N - a potion of cancellation {unknown}
Comestibles
 f - 12 rations
 O - a chunk of flesh


   Skills:
 + Level 7.0 Fighting
 + Level 10.6 Axes
 * Level 3.3 Throwing
 + Level 8.0 Armour
 + Level 2.9 Dodging
 + Level 9.5 Shields
 * Level 4.1 Evocations


You had 9 spell levels left.
You didn't know any spells.
Your spell library contained the following spells:

 Spells                   Type           Power        Failure   Level  Hunger
 Animate Skeleton         Necr           N/A          96%         1    ##.....
 Corona                   Hex            #......      96%         1    ##.....
 Magic Dart               Conj           #...         96%         1    ##.....
 Pain                     Necr           #...         96%         1    ##.....
 Ensorcelled Hibernation  Hex/Ice        #.....       99%         2    ###....
 Searing Ray              Conj           #.....       99%         2    ###....
 Confuse                  Hex            #.......     100%        3    ####...
 Dazzling Spray           Conj/Hex       #.....       100%        3    ####...
 Regeneration             Chrm/Necr      #.........   100%        3    ####...
 Tukima's Dance           Hex            #.......     100%        3    ####...
 Vampiric Draining        Necr           #.........   100%        3    ####...
 Animate Dead             Necr           N/A          100%        4    #####..
 Force Lance              Conj/Tloc      #.......     100%        4    #####..
 Fulminant Prism          Conj/Hex       #.........   100%        4    #####..
 Iskenderun's Mystic Bla  Conj           #.......     100%        4    #####..


Dungeon Overview and Level Annotations

Branches:
Dungeon (10/15)            Temple (1/1) D:6            Lair (0/6) D:9
    Orc (0/2) D:10

Altars:
Ashenzari
Cheibriados
Dithmenos
Elyvilon
Fedhas
Gozag
Hepliaklqana
Kikubaaqudgha
Makhleb
Nemelex Xobeh
Okawaru
Qazlal
Ru
Sif Muna
Trog
Uskayaw
Vehumet
Wu Jian
Xom
Yredelemnul
Zin
The Shining One


Innate Abilities, Weirdness & Mutations

You reflexively headbutt those who attack you in melee.
You have a pair of horns on your head.


Message History

Press: ? - help, Shift-Dir - straight line, f/p - gnoll
Aim: a gnoll, wielding a halberd of electrocution (chance to defeat MR: 67%)
The gnoll evaporates and reforms as a steam dragon!
The steam dragon bites you!
* * * LOW HITPOINT WARNING * * *
The steam dragon closely misses you.
You feel better. The steam dragon bites you.
You block the steam dragon's attack.
You barely miss the steam dragon. The steam dragon breathes steam at you.
The ball of steam hits you!
* * * LOW HITPOINT WARNING * * *
Something unseen opens the door.
You block the steam dragon's attack. x2
Things that are here:
a glaive; a chain mail; an orc corpse A gnoll comes into view.
It is wielding a halberd.
There is an open door here.
The steam dragon breathes steam at you. The ball of steam hits you!
You die...

#g###.# #.# # #.# #.#
##o##'##'# '##'##'#
##.....# #g....#
###.†...#####÷....###
#.'..))('.#§§).∩..'.#
###...((#####)....###
#...(!## ##D....##
#'##'##'###§##÷##'##
#.# #.###.)@###.###∩#
## ### ##### ### ###


You could see a steam dragon.

Vanquished Creatures
  A hippogriff (D:9)
  Sigmund (D:3)
  8 yaks (D:9)
  A wyvern (D:8)
  A steam dragon (D:8)
  Menkaure (D:6)
  Duvessa (D:4)
  An orc warrior (Bailey)
  2 sky beasts
  A black bear (D:9)
  An ice beast (D:6)
  A phantom (D:7)
  A necrophage (D:7)
  2 centaurs
  4 ogres
  A big kobold (D:9)
  A bullfrog (D:6)
  A wyvern zombie (D:4)
  Dowan (D:4)
  5 wights (D:9)
  A howler monkey (D:5)
  2 crimson imps
  A quasit (D:8)
  6 orc priests
  4 hounds
  3 jellies
  6 orc wizards
  A bullfrog skeleton (D:9)
  A gnoll shaman (D:5)
  2 iguanas
  Natasha (thrice) (D:4)
  4 worker ants
  A killer bee zombie (D:6)
  2 ogre zombies (D:10)
  A hound skeleton (D:5)
  A worker ant zombie (D:5)
  A howler monkey skeleton (D:9)
  21 gnolls
  8 adders
  3 shadow imps
  2 adder zombies
  An ooze (D:1)
  A worm (D:4)
  3 dart slugs
  3 leopard geckos
  29 orcs
  8 bats
  10 giant cockroaches
  11 goblins
  15 hobgoblins
  7 jackals
  24 kobolds
  3 quokkas
  2 ball pythons (D:4)
  7 frilled lizards
  2 leopard gecko skeletons
  4 orc zombies (D:10)
  7 rats
247 creatures vanquished.

Notes
Turn   | Place    | Note
-------+----------+-------------------------------------------
     0 | D:1      | potiron the Minotaur Fighter began the quest for the Orb.
     0 | D:1      | Reached XP level 1. HP: 19/19 MP: 0/0
    72 | D:1      | Reached XP level 2. HP: 27/27 MP: 1/1
   416 | D:1      | Reached XP level 3. HP: 33/33 MP: 2/2
   862 | D:2      | Reached skill level 3 in Axes
   875 | D:2      | Reached XP level 4. HP: 40/40 MP: 3/3
  1063 | D:2      | Found a basalt altar of Yredelemnul.
  1285 | D:2      | Noticed an ogre
  1292 | D:2      | Killed an ogre
  1292 | D:2      | Reached skill level 4 in Axes
  1292 | D:2      | Reached skill level 5 in Armour
  1292 | D:2      | Reached XP level 5. HP: 8/47 MP: 4/4
  1657 | D:3      | Reached skill level 5 in Shields
  1950 | D:3      | Found a sacrificial altar of Ru.
  1950 | D:3      | Found a shimmering altar of Xom.
  1997 | D:3      | Found a deep blue altar of Sif Muna.
  1997 | D:3      | Found a snail-covered altar of Cheibriados.
  2001 | D:3      | Found a sparkling altar of Nemelex Xobeh.
  2002 | D:3      | Found a hazy altar of Hepliaklqana.
  2002 | D:3      | Found a hide-covered altar of Uskayaw.
  2052 | D:3      | Reached XP level 6. HP: 37/53 MP: 5/5
  2080 | D:3      | Noticed Sigmund
  2090 | D:4      | Noticed Dowan
  2107 | D:4      | Noticed Duvessa
  2114 | D:4      | Killed Duvessa
  2114 | D:4      | Reached skill level 5 in Axes
  2150 | D:4      | Killed Dowan
  2228 | D:4      | Reached skill level 5 in Fighting
  2228 | D:4      | Reached XP level 7. HP: 19/61 MP: 6/6
  2478 | D:4      | Reached skill level 6 in Axes
  2676 | D:4      | Noticed Natasha
  2684 | D:4      | Killed Natasha
  2684 | D:4      | Reached skill level 7 in Axes
  2738 | D:4      | Noticed Natasha
  2750 | D:4      | Killed Natasha
  2956 | D:4      | Noticed Natasha
  2963 | D:4      | Killed Natasha
  3010 | D:3      | Killed Sigmund
  3010 | D:3      | Reached skill level 1 in Dodging
  3010 | D:3      | Reached XP level 8. HP: 62/69 MP: 7/7
  3496 | D:5      | Entered Level 5 of the Dungeon
  3753 | D:5      | Reached skill level 8 in Axes
  3892 | D:5      | Reached skill level 1 in Evocations
  4334 | D:6      | Noticed Menkaure
  4348 | D:6      | Killed Menkaure
  4363 | D:6      | Found a bloodstained altar of Trog.
  4499 | D:6      | Found a staircase to the Ecumenical Temple.
  4505 | Temple   | Entered the Ecumenical Temple
  4705 | Temple   | Became a worshipper of Warmaster Okawaru
  4887 | D:7      | Reached skill level 9 in Axes
  4887 | D:7      | Reached XP level 9. HP: 63/75 MP: 9/9
  5966 | D:8      | Reached * piety under Okawaru
  6298 | D:8      | Reached skill level 1 in Throwing
  6395 | D:8      | Found a glowing silver altar of Zin.
  6691 | D:9      | Reached ** piety under Okawaru
  6702 | D:9      | Reached skill level 10 in Axes
  6842 | D:9      | Reached XP level 10. HP: 40/84 MP: 11/11
  6850 | D:9      | Reached *** piety under Okawaru
  6850 | D:9      | Received a gift from Okawaru
  7171 | D:9      | Found a staircase to the Lair.
  7682 | D:10     | Entered Level 10 of the Dungeon
  7735 | D:10     | Found a flagged portal.
  7755 | Bailey   | Entered a bailey
  8024 | Bailey   | Killed from afar by a steam dragon

Skill      XL: |  1  2  3  4  5  6  7  8  9 10 |
---------------+-------------------------------+-----
Shields        | 4 5 6 7 9 |  9.5
Fighting       | 4 5 6 7 |  7.0
Armour         | 4 5 6 7 8 |  8.0
Axes           | 3 4 5 7 9 10 | 10.6
Dodging        | 1 2 |  2.9
Evocations     | 2 3 4 |  4.1
Throwing       | 2 3 |  3.3

Action                   |  1- 3 |  4- 6 |  7- 9 | 10-12 || total
-------------------------+-------+-------+-------+-------++-------
Melee: War axe           |   102 |    96 |   130 |   132 ||   460
       Headbutt          |    14 |    23 |    70 |    19 ||   126
       Hand axe          |       |    18 |   250 |       ||   268
Throw: Javelin           |       |       |       |     3 ||     3
Evoke: Wand              |       |       |     1 |    10 ||    11
  Use: Potion            |       |     1 |     1 |     2 ||     4
       Scroll            |       |       |       |     2 ||     2
  Eat: Chunk             |       |     5 |    12 |     3 ||    20
       Ration            |       |       |     1 |       ||     1
Armor: Scale mail        |    22 |       |       |       ||    22
       Chain mail        |    14 |    48 |    28 |       ||    90
       Ice dragon scales |       |       |   119 |    36 ||   155
Dodge: Dodged            |    26 |    20 |    82 |    57 ||   185
Block: Shield            |    52 |    63 |   201 |   106 ||   422
